[Event "*** Titled Tuesday Blitz"]
[Site "Chess.com"]
[Date "2021.02.02"]
[Round "8"]
[White "Vandros57"]
[Black "rynos0411"]
[Result "1-0"]
[WhiteElo "2253"]
[BlackElo "2391"]
[TimeControl "180+1"]
[EndTime "11:30:08 PST"]
[Termination "Vandros57 won on time"]

1. d4 Nf6 2. c4 g6 3. Nc3 Bg7 4. e4 d6 5. Nf3 O-O 6. Be2 e5 7. dxe5 dxe5 8. Qxd8 Rxd8 9. Bg5 Re8 10. Nd5 Nxd5 11.
cxd5 c6 12. Bc4 h6 13. Be3 Nd7 14. dxc6 bxc6 15. Ke2 Nb6 16. Nd2 Nxc4 17. Nxc4 Ba6 18. Rac1 f5 19. f3 Bf8 20. b3 c5 21. Rhd1 fxe4 22.
fxe4 Bb7 23. Nd6 Bxd6 24. Rxd6 Bxe4 25. Rxc5 Rac8 26. Rxc8 Rxc8 27. Bxa7 Ra8 28. Bc5 Rxa2+ 29. Ke3 Bc2 30. b4 Rb2 31. Rd2 Rb3+ 32. Kf2 Be4 33. Re2 Bc6 34. Rxe5 Rb2+ 35. Re2 Rxe2+ 36. Kxe2 Bxg2 37.
b5 Kf7 38. b6 Ke6 39. Bf8 h5 40. Ke3 Kf5 41. Kd4 h4 42. Bd6 g5 43. Kc5 g4 44.
Bc7 Bf3 45. Kb5 g3 46. hxg3 h3 47. g4+ Kxg4 48. Ka6 Kf5 49. Ka7 1-0

[Event "*** Titled Tuesday Blitz"]
[Site "Chess.com"]
[Date "2021.02.02"]
[Round "8"]
[White "Matols"]
[Black "Gerodot71"]
[Result "0-1"]
[WhiteElo "2271"]
[BlackElo "2461"]
[TimeControl "180+1"]
[EndTime "11:30:10 PST"]
[Termination "Gerodot71 won on time"]

1. d4 Nf6 2. c4 e6 3. g3 d5 4. Nf3 Be7 5. Bg2 O-O 6. O-O dxc4 7. Qc2 a6 8. a4 Nc6 9. Qxc4 Qd5 10. Nbd2 Rd8 11.
e3 Qh5 12. Nb3 e5 13. Nc5 exd4 14. exd4 Bxc5 15. dxc5 Be6 16. Qc3 Ne4 17. Qe3 Nxc5 18. Ng5 Nd4 19. b4 Ncb3 20. Nxe6 fxe6 21. Ra2 Nxc1 22. Rxc1 c6 23. Rd2 e5 24. Re1 Rd7 25. f4 Rad8 26. fxe5 Qe8 27. Rf2 Ne6 28. Bh3 Rd3 29.
Qe4 Ng5 30. Qc4+ Kh8 31. Bf1 Nf3+ 32. Rxf3 Rxf3 33. Bg2 Rf8 34. e6 Qe7 35. Bh3 h6 36. Qe4 Rd2 37. Bf1 Rff2 38. Qg6 Rf6 39. Qe4 Rd6 0-1

[Event "*** Titled Tuesday Blitz"]
[Site "Chess.com"]
[Date "2021.02.02"]
[Round "8"]
[White "dretch"]
[Black "Genghis_K"]
[Result "1-0"]
[WhiteElo "2858"]
[BlackElo "2924"]
[TimeControl "180+1"]
[EndTime "11:30:11 PST"]
[Termination "dretch won by resignation"]

1. d4 Nf6 2. c4 g6 3. Nc3 Bg7 4. e4 d6 5. Nf3 O-O 6. h3 e5 7.
dxe5 dxe5 8. Qxd8 Rxd8 9. Bg5 Re8 10. Nd5 Nxd5 11. cxd5 c6 12. Bc4 cxd5 13. Bxd5 Nd7 14. Nd2 Nc5 15. Nc4 Be6 16. Nd6 Reb8 17. O-O-O Bxd5 18.
Rxd5 Ne6 19. Be3 Nf4 20. Bxf4 exf4 21. Kb1 b6 22. Rc1 Rd8 23. Nb7 Re8 24. Nd6 Re7 25. a4 Bf8 26. f3 Rd8 27. Nc8 Red7 28. Nxa7 Rxd5 29. exd5 Rxd5 30. Nc6 Kg7 31. b4 Kf6 32. Kc2 Kg5 33. Rd1 Rf5 34. Rd8 Bg7 35. Rb8 Kh4 36.
Rxb6 Kg3 37. a5 Rd5 38. a6 Rd7 39. a7 Rxa7 40. Nxa7 Bd4 41. Rb7 Kxg2 42. Nc6 Be3 43. Rxf7 h6 44. Ne5 g5 45. Kd3 Kxh3 46. Rh7 Kg3 47. Ke4 h5 48. Rxh5 1-0

[Event "*** Titled Tuesday Blitz"]
[Site "Chess.com"]
[Date "2021.02.02"]
[Round "8"]
[White "mikolka1985"]
[Black "BAS8892"]
[Result "1-0"]
[WhiteElo "2593"]
[BlackElo "2725"]
[TimeControl "180+1"]
[EndTime "11:30:11 PST"]
[Termination "mikolka1985 won on time"]

1. d4 d5 2. c4 e6 3. Nf3 Nf6 4. Nc3 Be7 5. Bf4 O-O 6. e3 Nbd7 7. c5 c6 8. Be2 b6 9. b4 a5 10. a3 Ba6 11. O-O Qc8 12. h3 Qb7 13. Rb1 axb4 14. axb4 Bxe2 15. Qxe2 b5 16. Nd2 Rfe8 17.
Nb3 Bd8 18. Bd6 e5 19. Qc2 h6 20. Ra1 Rxa1 21. Rxa1 exd4 22. Nxd4 Ne4 23. Nxe4 Rxe4 24. Qa2 Bf6 25. Qa8+ Qxa8 26. Rxa8+ Kh7 27. Nxc6 d4 28. exd4 Bxd4 29. Ra7 Nf6 30. g3 Bc3 31. Rxf7 Nd5 32. Rb7 Bxb4 33. Be5 Kg6 34. g4 Nf6 35. Bd4 Bd2 36.
Ne7+ Kf7 37. Nf5+ Ke6 38. Rxg7 Nd5 39. c6 b4 40. c7 Nxc7 41. Rxc7 Kd5 42. Rc5+ Ke6 43.
Rc2 Bf4 44. Kg2 Re1 45. Kf3 Bc1 46. Rc6+ Kd5 47. Rc5+ Ke6 48. Rb5 Bd2 49. Ne3 Rb1 50. Rb6+ Kd7 51. h4 b3 52. Nc4 1-0

[Event "*** Titled Tuesday Blitz"]
[Site "Chess.com"]
[Date "2021.02.02"]
[Round "8"]
[White "amatatanav"]
[Black "Cambek64"]
[Result "0-1"]
[WhiteElo "2436"]
[BlackElo "2304"]
[TimeControl "180+1"]
[EndTime "11:30:12 PST"]
[Termination "Cambek64 won on time"]

1. e4 e6 2. d4 d5 3. Nc3 Nc6 4.
Nf3 Nf6 5. Bd3 Nb4 6. O-O Be7 7. Re1 O-O 8. Bf1 dxe4 9. Nxe4 Nxe4 10. Rxe4 c5 11.
Bf4 Nc6 12. dxc5 Bxc5 13. c3 Qxd1 14. Rxd1 Rd8 15. Rxd8+ Nxd8 16. Rc4 Bb6 17. Bc7 Nc6 18. Bxb6 axb6 19. a3 e5 20. Re4 f6 21. Bc4+ Kf8 22. Re3 Bf5 23. Kf1 Rd8 24. Ke1 Na5 25. Ba2 g5 26. h3 Ke7 27. Re2 Bd3 28. Rd2 e4 29.
Nd4 Nc6 30. Nxc6+ bxc6 31. Bb3 c5 32. Bc2 c4 33. Bxd3 exd3 34. Rd1 Kd6 35. Kd2 Re8 36.
Re1 Rxe1 37. Kxe1 Kc6 38. Kd2 Kb5 39. Kc1 Ka4 40. Kd2 Kb3 41. Kc1 f5 42. g3 f4 43.
gxf4 gxf4 44. f3 h6 45. h4 h5 46. Kb1 d2 0-1

[Event "*** Titled Tuesday Blitz"]
[Site "Chess.com"]
[Date "2021.02.02"]
[Round "8"]
[White "johnathan113"]
[Black "kirillshevchenko"]
[Result "1-0"]
[WhiteElo "2614"]
[BlackElo "2834"]
[TimeControl "180+1"]
[EndTime "11:30:14 PST"]
[Termination "johnathan113 won by resignation"]

1. c4 Nf6 2. Nf3 d6 3. g3 g6 4. Bg2 Bg7 5. O-O O-O 6. Nc3 e5 7.
d3 Nc6 8. Rb1 a5 9. a3 Nh5 10.
b4 axb4 11. axb4 f5 12. Bg5 Nf6 13. b5 Ne7 14. Nd2 Kh8 15. Ra1 Rxa1 16. Qxa1 h6 17.
Bxf6 Bxf6 18. Qa7 e4 19. Rc1 d5 20. Nxd5 Nxd5 21. cxd5 Qxd5 22. Rxc7 Qxb5 23. dxe4 Qxe2 24.
Qc5 Rg8 25. Nf3 Qd1+ 26. Bf1 Qxf3 27. Rxc8 Qxe4 28. Bc4 Qe1+ 29. Kg2 Qe4+ 30. f3 Qc2+ 31. Kh3 h5 32. Rxg8+ Kh7 33. Qc7+ Kh6 34. Rxg6+ Kxg6 35. Bf7+ Kg7 36. Qxc2 Kxf7 37. Qxf5 Kg7 38. Qxh5 Kf8 39.
Qb5 b6 40. Qxb6 Be7 41. Qc6 Kf7 42. Kg4 Bf6 43. Kf5 Bd4 1-0

[Event "*** Titled Tuesday Blitz"]
[Site "Chess.com"]
[Date "2021.02.02"]
[Round "8"]
[White "jorquerino"]
[Black "CzechmVIII"]
[Result "0-1"]
[WhiteElo "2271"]
[BlackElo "2275"]
[TimeControl "180+1"]
[EndTime "11:30:14 PST"]
[Termination "CzechmVIII won by resignation"]

1. e4 c5 2. Nc3 Nc6 3. g3 g6 4. Bg2 Bg7 5. d3 d6 6. Be3 Nh6 7. h3 f5 8. Qd2 Nf7 9. f4 Rb8 10. a4 a6 11. Nf3 Nd4 12. O-O O-O 13. Qf2 Nxf3+ 14. Qxf3 b5 15. axb5 axb5 16. Qe2 b4 17. Nd1 fxe4 18. dxe4 Bd7 19. Qd2 Bb5 20. Re1 Qc7 21. Rb1 Rbd8 22. Nf2 Kh8 23. h4 e5 24.
f5 gxf5 25. exf5 d5 26. Ng4 d4 27. f6 dxe3 28. fxg7+ Kxg7 29. Qxe3 Rd4 30. Nxe5 Re8 31. c3 Rxe5 32. Qf2 Rxe1+ 33. Rxe1 Rd7 34. h5 Re7 35.
Rxe7 Qxe7 36. cxb4 cxb4 37. Qf4 Be8 38. Be4 Kh8 39.
Qf5 Ng5 40. Bd3 h6 41. g4 Qf7 42. Qe5+ Kg8 43. b3 Nf3+ 44. Kg2 Nxe5 0-1

[Event "*** Titled Tuesday Blitz"]
[Site "Chess.com"]
[Date "2021.02.02"]
[Round "8"]
[White "ElGasanov"]
[Black "Annawel"]
[Result "0-1"]
[WhiteElo "2843"]
[BlackElo "2938"]
[TimeControl "180+1"]
[EndTime "11:30:15 PST"]
[Termination "Annawel won by checkmate"]

1. c4 f5 2. g3 Nf6 3. Bg2 g6 4. Nc3 Bg7 5. d3 O-O 6. e4 d6 7. exf5 Bxf5 8. Bxb7 Nbd7 9. d4 e5 10. Nge2 exd4 11. Nxd4 Re8+ 12. Kf1 Bh3+ 13. Bg2 Bxg2+ 14.
Kxg2 Ne5 15. b3 Qd7 16. Bg5 Nfg4 17. h3 Nxf2 18. Kxf2 c5 19. Nf3 Qf5 20. Qd5+ Kh8 21. Bf4 Nd3+ 22. Kg2 Nxf4+ 23. gxf4 Qc2+ 24. Kg3 Qxc3 25.
Rae1 Rf8 26. Re4 Qf6 27. Rhe1 Bh6 28. Ng5 a5 29. h4 a4 30. Rf1 axb3 31. axb3 Rab8 32.
Rf3 Bg7 33. Re6 Qa1 34. Rxd6 Qg1+ 35. Kh3 Qh1+ 36. Kg3 Qg1+ 37. Kh3 Qh1+ 38. Kg3 Bc3 39. Rxc3 Qe1+ 40. Kg4 Qxc3 41. Qe5+ Qxe5 42. fxe5 Rxb3 43. Rd7 h5# 0-1

[Event "*** Titled Tuesday Blitz"]
[Site "Chess.com"]
[Date "2021.02.02"]
[Round "8"]
[White "GadimbayliA"]
[Black "jacky72"]
[Result "1-0"]
[WhiteElo "2886"]
[BlackElo "2678"]
[TimeControl "180+1"]
[EndTime "11:30:15 PST"]
[Termination "GadimbayliA won by checkmate"]

1. e4 e5 2. Nf3 Nc6 3. Nc3 Nf6 4. d4 exd4 5. Nxd4 Bb4 6. Nxc6 bxc6 7. Bd3 d5 8. exd5 O-O 9. O-O cxd5 10. Bg5 c6 11. Qf3 Bd6 12. Rae1 Rb8 13. Nd1 Rb4 14. Bxf6 Qxf6 15.
Qxf6 gxf6 16. b3 Rd8 17. Ne3 Be6 18. Nf5 Bf8 19. Re3 Rf4 20. Ng3 Rh4 21. Bf5 Bh6 22. Re2 Bg7 23. Bxe6 fxe6 24. Rxe6 c5 25. Rfe1 Rd7 26. Re7 Rxe7 27. Rxe7 Bf8 28. Rxa7 Rd4 29. Kf1 Rd2 30. Nh5 Bd6 31. Nxf6+ Kf8 32. Nxh7+ Kg8 33. Nf6+ Kf8 34. c4 dxc4 35. bxc4 Bxh2 36. g3 Bxg3 37. Nh7+ Kg8 38. fxg3 Rc2 39. Nf6+ Kf8 40.
Nd7+ Ke8 41. Nb6 Rb2 42. Rb7 Rxa2 43. g4 Kf8 44. g5 Kg8 45. Nd5 Rc2 46. g6 Rc1+ 47.
Kf2 Rc2+ 48. Kf3 Kf8 49. g7+ Kg8 50. Nf6# 1-0

[Event "*** Titled Tuesday Blitz"]
[Site "Chess.com"]
[Date "2021.02.02"]
[Round "8"]
[White "FlySooHigh"]
[Black "Blitzstream"]
[Result "0-1"]
[WhiteElo "2605"]
[BlackElo "2762"]
[TimeControl "180+1"]
[EndTime "11:30:16 PST"]
[Termination "Blitzstream won by resignation"]

1. e4 d5 2. exd5 Qxd5 3. Nc3 Qa5 4. d4 Nf6 5. Nf3 c6 6. Ne5 Be6 7. Be2 Nbd7 8. Bf4 Nxe5 9. Bxe5 Ne4 10. O-O Nxc3 11.
bxc3 f6 12. Bg3 Qxc3 13. Rb1 b5 14. a4 a6 15. d5 Bxd5 16. axb5 axb5 17. Rxb5 e6 18.
Rb7 Be7 19. Bd3 g6 20. Qg4 f5 21. Qf4 Kf7 22. Rxe7+ Kxe7 23. Qc7+ Ke8 24. Be5 Qb4 25.
Bxh8 Qg4 26. f3 Qg5 27. Qxh7 Ra2 28. Be5 Qe3+ 29. Kh1 Qxe5 30. Qxg6+ Kd7 31. Qg3 Qc3 32. Re1 Ra1 33. Rg1 Qd4 34. Qe1 Rxe1 35. Rxe1 Qf2 36.
Rf1 Qd2 37. Rb1 c5 38. h3 c4 39. Bf1 Qxc2 40. Re1 Qf2 41. Ra1 c3 42. Bb5+ Kc7 43.
Bd3 Bxf3 0-1

[Event "*** Titled Tuesday Blitz"]
[Site "Chess.com"]
[Date "2021.02.02"]
[Round "8"]
[White "MaevskiyNikolay"]
[Black "Chessbard1972"]
[Result "1-0"]
[WhiteElo "2581"]
[BlackElo "2413"]
[TimeControl "180+1"]
[EndTime "11:30:16 PST"]
[Termination "MaevskiyNikolay won by resignation"]

1. d4 Nf6 2. c4 g6 3. Nc3 Bg7 4.
e4 d6 5. Nge2 O-O 6. Ng3 c5 7.
d5 e6 8. Be2 exd5 9. cxd5 a6 10. a4 Re8 11. h4 h5 12. Bg5 Qc7 13. Qd2 Nh7 14. Bh6 Bh8 15. O-O Qe7 16. Bg5 Bf6 17. f4 Bd4+ 18. Kh2 Nxg5 19. hxg5 h4 20. Nh1 Bxc3 21.
bxc3 Qxe4 22. Bf3 Qe3 23. Qxe3 Rxe3 24. Rae1 Rxe1 25. Rxe1 Kf8 26. Nf2 Bf5 27. Be4 Bd7 28. a5 Bc8 29. Bd3 Bf5 30. Bxf5 gxf5 31. Rb1 Ra7 32.
Nd1 f6 33. Ne3 fxg5 34. fxg5 b5 35. axb6 Rf7 36. b7 Ke7 37. Rb6 Kd7 38. g6 Rg7 39. Rxd6+ Kxd6 40. Nxf5+ Ke5 41. Nxg7 Kf6 42. Ne6 Kxg6 43.
Nxc5 Kf6 44. d6 Ke5 45. d7 Kd6 46. d8=Q+ Kxc5 47. Qxb8 1-0

[Event "*** Titled Tuesday Blitz"]
[Site "Chess.com"]
[Date "2021.02.02"]
[Round "8"]
[White "Sofiia_Hryzlova"]
[Black "korkmaz16"]
[Result "1-0"]
[WhiteElo "2261"]
[BlackElo "2396"]
[TimeControl "180+1"]
[EndTime "11:30:16 PST"]
[Termination "Sofiia_Hryzlova won on time"]

1. c4 c6 2. Nf3 d5 3. e3 Nf6 4. Nc3 e6 5. b3 Nbd7 6. Bb2 Bd6 7. d4 O-O 8. Be2 Qe7 9. O-O dxc4 10. bxc4 e5 11. d5 cxd5 12. Nxd5 Nxd5 13. cxd5 Nf6 14.
Qb3 e4 15. Nd4 Qe5 16. f4 exf3 17. Nxf3 Qxd5 18. Bc4 Qh5 19. Bxf6 gxf6 20. Rad1 Rd8 21. Rd5 Qh6 22. Rfd1 Be6 23. Rxd6 Rxd6 24. Rxd6 Bxc4 25. Qxc4 Qxe3+ 26. Kf1 Re8 27. Rd7 Re6 28. Rd8+ Kg7 29. Qg4+ Kh6 30. Qh4+ Kg7 31. Qg3+ Kh6 32. Rd2 Rc6 33.
Qh4+ Kg7 34. Qg4+ Kh6 35. Rd1 Rc2 36. Qh4+ Kg7 37. Qe1 Qc5 38. Qg3+ Kh6 39. Qf4+ Kg7 40. Qd4 Qb5+ 41. Qd3 Qb2 42. Nh4 Rf2+ 43. Kg1 Qxa2 44. Qg3+ Kf8 45. Qxf2 1-0

[Event "*** Titled Tuesday Blitz"]
[Site "Chess.com"]
[Date "2021.02.02"]
[Round "8"]
[White "Alexsur1981"]
[Black "jefferyx"]
[Result "0-1"]
[WhiteElo "2854"]
[BlackElo "2978"]
[TimeControl "180+1"]
[EndTime "11:30:17 PST"]
[Termination "jefferyx won on time"]

1. e4 c5 2. Nc3 d6 3. f4 g6 4. d4 cxd4 5. Qxd4 Nf6 6. Nf3 Bg7 7.
Bd3 O-O 8. Qf2 Nbd7 9. O-O Nc5 10. h3 b6 11. Bd2 Bb7 12. Rae1 Rc8 13. g4 Nfd7 14.
Be3 Bxc3 15. bxc3 Nxe4 16. Bxe4 Bxe4 17. Ng5 Ba8 18. Qh4 Nf6 19. Bd4 h5 20. f5 Qd7 21.
gxh5 Nxh5 22. Qg4 Qb7 23. Rf3 Qd5 24. fxg6 fxg6 25. Rxe7 Rxf3 26. Nxf3 Qf5 27. Qxf5 gxf5 28. Nh4 Be4 29. Kf2 b5 30. a3 a5 31. Ng6 Rc4 32. Ke3 Bxc2 33. Ra7 b4 34. Ne7+ Kf8 35. axb4 axb4 36. cxb4 Rxb4 37. Nd5 Rb3+ 38. Kd2 Be4 39. Nc3 Nf4 40. Ke3 Nxh3 41. Rc7 Ng5 42. Kf4 Ne6+ 43. Ke3 Nxc7 0-1

[Event "*** Titled Tuesday Blitz"]
[Site "Chess.com"]
[Date "2021.02.02"]
[Round "8"]
[White "Djager97"]
[Black "Tenamu"]
[Result "1-0"]
[WhiteElo "2579"]
[BlackElo "2402"]
[TimeControl "180+1"]
[EndTime "11:30:17 PST"]
[Termination "Djager97 won by resignation"]

1. e4 e6 2. d4 d5 3. Nc3 Nf6 4. e5 Nfd7 5. Nce2 c5 6. c3 Nc6 7. Nf3 Qb6 8. a3 cxd4 9. cxd4 f6 10. exf6 Nxf6 11. Nf4 Bd6 12. Bd3 O-O 13. O-O e5 14.
dxe5 Nxe5 15. Nxe5 Bxe5 16. Nxd5 Nxd5 17. Qh5 Nf4 18.
Qxe5 Nxd3 19. Qd5+ Be6 20. Qxd3 Rad8 21. Qg3 Bc4 22.
Be3 Qxb2 23. Rab1 Qf6 24. Rfc1 Ba6 25. Rc7 Rf7 26. h3 Rxc7 27. Qxc7 Rf8 28. Rd1 Qc6 29. Qxc6 bxc6 30. Bxa7 Bc4 31. Bc5 Ra8 32. Rd7 Bf7 33.
f4 Be6 34. Re7 Bd5 35. Kf2 Ra5 36. Bb4 Rb5 37. Rd7 Be6 38. Rd8+ Kf7 39. Rf8+ Kg6 40. g4 Bb3 41. f5+ Kg5 42. Kg3 Rd5 43. h4+ Kh6 44. Rf6+ 1-0

[Event "*** Titled Tuesday Blitz"]
[Site "Chess.com"]
[Date "2021.02.02"]
[Round "8"]
[White "KyronGriffith"]
[Black "Gmedmundo"]
[Result "0-1"]
[WhiteElo "2502"]
[BlackElo "2415"]
[TimeControl "180+1"]
[EndTime "11:30:17 PST"]
[Termination "Gmedmundo won by resignation"]

1. e4 c5 2. Nf3 d6 3. d4 cxd4 4. Nxd4 Nf6 5. Nc3 Nc6 6. Bg5 e6 7. Qd2 a6 8. O-O-O Bd7 9. f3 Be7 10.
h4 b5 11. Nxc6 Bxc6 12. Bd3 Rc8 13. Kb1 Bb7 14. Ne2 Qc7 15. g4 h6 16. Be3 Nd7 17. g5 Ne5 18. Nd4 h5 19. f4 Nc4 20.
Bxc4 Qxc4 21. g6 Bxe4 22. gxf7+ Kxf7 23. Rh2 Bf6 24. Nb3 Rhd8 25. Rc1 b4 26. Bd4 e5 27.
Be3 a5 28. Nxa5 Qb5 29. Nb3 Ra8 30. Re1 Qa4 31. Nc1 b3 32. Qc3 Bxc2+ 33. Rxc2 bxc2+ 34. Qxc2 Qxc2+ 35. Kxc2 e4 36. Bf2 d5 37. b3 Rdc8+ 38.
Kb1 Rc3 39. Rd1 Rac8 40. Be1 Re3 41. Ba5 d4 42. Bb6 Rec3 43. Ne2 d3 44. Nxc3 Bxc3 45. Be3 Ke6 46. Rc1 Kd5 47. a4 Rc6 48. Ka2 Bd4 49. Rxc6 Kxc6 50. Bc1 e3 51. b4 d2 52. b5+ Kb7 0-1

[Event "*** Titled Tuesday Blitz"]
[Site "Chess.com"]
[Date "2021.02.02"]
[Round "8"]
[White "AniJak"]
[Black "JQuiroga18"]
[Result "1/2-1/2"]
[WhiteElo "2291"]
[BlackElo "2435"]
[TimeControl "180+1"]
[EndTime "11:30:17 PST"]
[Termination "Game drawn by repetition"]

1. e4 e5 2. Nc3 Nc6 3. g3 Nf6 4. Bg2 Bc5 5. Nge2 O-O 6. O-O d6 7. Na4 Bb6 8. Nxb6 axb6 9. d4 Qe7 10. Bg5 h6 11. Bxf6 Qxf6 12. c3 Bg4 13. f3 Bh5 14. Qd2 Ra5 15. a3 Rd8 16. Rad1 Qe7 17. g4 Bg6 18. f4 exd4 19. f5 dxc3 20. Nxc3 Bh7 21. f6 Qe5 22. fxg7 Ne7 23. Qxh6 Qxg7 24. Qf4 Re5 25.
h3 Re8 26. Rd2 Ng6 27. Qg3 Qh6 28. Rdf2 Nh4 29. Nd5 Nxg2 30. Nf6+ Kh8 31. Nxe8 Rxe8 32. Qxg2 Bxe4 33. Qg3 Bg6 34. h4 Re3 35. Rf3 Re4 36. h5 Bh7 37. Rxf7 Qe6 38. Qc3+ Re5 39. Qf3 Bg8 40.
Rf6 Qe7 41. Qf4 Qg7 42. Rh6+ Bh7 43. Rf6 Bg8 44. Rh6+ Bh7 45. Rf6 Rg5 46. Rf8+ Bg8 47. Qf6 Rxg4+ 48. Kh2 Rg2+ 49. Kh3 Rg3+ 50. Kh2 Rg2+ 51.
Kh3 Rg3+ 52. Kh2 Rg2+ 1/2-1/2

[Event "*** Titled Tuesday Blitz"]
[Site "Chess.com"]
[Date "2021.02.02"]
[Round "8"]
[White "pheonixking2000"]
[Black "rasmussvane"]
[Result "0-1"]
[WhiteElo "2732"]
[BlackElo "2881"]
[TimeControl "180+1"]
[EndTime "11:30:18 PST"]
[Termination "rasmussvane won on time"]

1. c4 e6 2. Nc3 d5 3. d4 a6 4. cxd5 exd5 5. Qb3 Nf6 6. Bg5 c5 7. Bxf6 gxf6 8. dxc5 d4 9. Rd1 Bxc5 10. e3 O-O 11. exd4 Bxd4 12. Nf3 Nc6 13. Be2 Bxc3+ 14. Qxc3 Qa5 15.
Qxa5 Nxa5 16. Nd4 Be6 17. Nxe6 fxe6 18. Bf3 Rac8 19. O-O Rc2 20. b4 Nc6 21. a3 Rc3 22.
Rfe1 Rd8 23. Rxd8+ Nxd8 24. a4 Kf7 25. h3 Rc4 26.
Re4 Rxe4 27. Bxe4 f5 28. Bf3 Kf6 29. Kf1 Ke5 30. Ke2 Kd4 31. g3 e5 32. Bg2 b6 33. f4 exf4 34. gxf4 Ne6 35. Kf3 Kc3 36. Bf1 Kxb4 37. Bxa6 Kxa4 38. Bc8 Ng7 39. Kg3 b5 40. Kh4 h6 41. Kg3 b4 0-1

[Event "*** Titled Tuesday Blitz"]
[Site "Chess.com"]
[Date "2021.02.02"]
[Round "8"]
[White "KononenkoD"]
[Black "davigator"]
[Result "1-0"]
[WhiteElo "2534"]
[BlackElo "2337"]
[TimeControl "180+1"]
[EndTime "11:30:18 PST"]
[Termination "KononenkoD won by resignation"]

1. d4 Nf6 2. c4 e6 3. g3 Bb4+ 4. Bd2 a5 5. Bg2 d5 6. a3 Be7 7. Nf3 O-O 8. O-O b6 9. Qc2 Ba6 10. b3 c6 11. Rd1 Nbd7 12. Bf4 Rc8 13. Nc3 dxc4 14. b4 Nd5 15. e4 Nxf4 16. gxf4 axb4 17. axb4 Bb7 18. Ra7 Rb8 19. d5 exd5 20. exd5 c5 21. b5 Bf6 22. Ne4 h6 23. Nd6 Bc8 24. Nxc4 Rb7 25. Ra8 Rb8 26. Rxb8 Nxb8 27. Nfe5 Bd7 28. Nc6 Qc8 29. Nxb6 Qc7 30. Qxc5 Bxc6 31. bxc6 Qxf4 32. c7 Na6 33. Qxf8+ Kxf8 34. c8=Q+ Ke7 35. Qd7+ Kf8 36. Qc8+ Ke7 37. Re1+ Be5 38. Qd7+ Kf6 39. Qc6+ Kg5 40. Qc1 Nc5 41. Rxe5+ Kg4 42. Qxf4+ Kxf4 43. Re7 f5 44. d6 g5 45. d7 Nxd7 46. Rxd7 g4 47. Nd5+ Ke5 48.
Ne3 h5 49. Rh7 f4 50. Rxh5+ Kf6 51. Nxg4+ Kg6 52. Rd5 f3 53. Bxf3 1-0

[Event "*** Titled Tuesday Blitz"]
[Site "Chess.com"]
[Date "2021.02.02"]
[Round "8"]
[White "Ladislav1969"]
[Black "eldur16"]
[Result "1/2-1/2"]
[WhiteElo "2339"]
[BlackElo "2520"]
[TimeControl "180+1"]
[EndTime "11:30:19 PST"]
[Termination "Game drawn by repetition"]

1. e4 Nf6 2. e5 Nd5 3. d4 d6 4. exd6 cxd6 5. c4 Nb6 6. Nc3 g6 7. Be2 Bg7 8. Nf3 O-O 9. O-O e5 10. dxe5 dxe5 11. Bg5 f6 12. Be3 Be6 13. b3 Nc6 14.
Ne4 Qxd1 15. Rfxd1 Rad8 16. Nc5 Bc8 17. a4 f5 18. a5 Na8 19. Ng5 Nc7 20. Rxd8 Rxd8 21.
a6 bxa6 22. Rd1 Rxd1+ 23. Bxd1 h6 24. Nf3 g5 25. Bd2 e4 26. Ne1 Bf8 27. Na4 Ne6 28. Nc2 a5 29. f3 Ned4 30. Nxd4 Nxd4 31. fxe4 fxe4 32. Be3 Bg7 33. Nc5 Nf5 34. Kf2 Nxe3 35. Kxe3 Kf7 36. Nxe4 Ke7 37. Nc5 Kd6 38. Ne4+ Ke5 39.
Nc5 Bf8 40. Nd3+ Kd6 41. Bf3 Bg7 42. Bd5 Bd7 43. g3 Be8 44. Nf2 Ke5 45. Nd3+ Kd6 46. Be4 Bd7 47. Bd5 Be8 1/2-1/2

[Event "*** Titled Tuesday Blitz"]
[Site "Chess.com"]
[Date "2021.02.02"]
[Round "8"]
[White "marvinguevara"]
[Black "Darius321"]
[Result "1-0"]
[WhiteElo "2150"]
[BlackElo "2267"]
[TimeControl "180+1"]
[EndTime "11:30:19 PST"]
[Termination "marvinguevara won on time"]

1. e4 c5 2. d4 cxd4 3. c3 e6 4. Nf3 d5 5. exd5 exd5 6. Nxd4 Nf6 7. Be2 Nc6 8. O-O Bd6 9. Be3 O-O 10. Nd2 Re8 11. N2b3 Ne5 12. h3 Nc4 13. Bxc4 dxc4 14.
Nd2 Bb8 15. Re1 Qc7 16. Nf1 b6 17. Bg5 Ne4 18. Ng3 Bb7 19. Ndf5 Re6 20. Nxe4 Qh2+ 21.
Kf1 Qh1+ 22. Ke2 Rxe4+ 23. Ne3 Rxe3+ 24. Bxe3 Qxe1+ 25. Qxe1 Bxg2 26. Qg1 Be4 27. Bd4 Bd3+ 28. Ke3 g6 29. Qg5 Bc7 30. Qf6 Re8+ 31. Kf3 Be4+ 32. Kg4 h5+ 33. Kg5 Bd8 34. Qxd8 Rxd8 35. Re1 Bd5 36.
Re7 Be6 37. Rxa7 b5 38. Rb7 Rd5+ 39. Kh6 Rd8 40. Rxb5 Rc8 41. Rb6 1-0

[Event "*** Titled Tuesday Blitz"]
[Site "Chess.com"]
[Date "2021.02.02"]
[Round "8"]
[White "Vanina1989"]
[Black "Konavets"]
[Result "0-1"]
[WhiteElo "2695"]
[BlackElo "2927"]
[TimeControl "180+1"]
[EndTime "11:30:20 PST"]
[Termination "Konavets won on time"]

1. d4 Nf6 2. c4 c5 3. d5 e6 4.
Nc3 exd5 5. cxd5 d6 6. Nf3 g6 7. Bf4 Bg7 8. h3 O-O 9. e3 Na6 10. Be2 Nc7 11. O-O Rb8 12. a4 a6 13. a5 b5 14. axb6 Rxb6 15. Qc2 Re8 16. e4 Nb5 17.
Bd3 c4 18. Bxc4 Nxc3 19. bxc3 Rxe4 20. Be3 Rxc4 21. Bxb6 Qxb6 22. Rfe1 Bd7 23. Qe2 Bb5 24.
Qd2 Qc5 25. Nd4 Qxd5 26. Re7 h6 27. Qe3 Bf8 28. Ra7 Qc5 29. Ra8 Rxc3 30. Rxf8+ Kxf8 31. Qxh6+ Kg8 32. Ne6 fxe6 33. Qxg6+ Kf8 34. Qxf6+ Ke8 35. Qxe6+ Kd8 36. Rd1 Rc1 37. Qf6+ Kc7 38. Qg7+ Bd7 39. Rxc1 Qxc1+ 40. Kh2 Qf4+ 41. Kg1 a5 42. Qc3+ Kb7 43. Qb3+ Qb4 44. Qd5+ Bc6 45. Qf7+ Kb6 46. h4 Qxh4 47. Qf8 Qe4 48. Qb8+ Kc5 49. Qa7+ Kb5 50. Qb8+ Kc4 51.
f3 Qe1+ 52. Kh2 Qh4+ 53. Kg1 Qd4+ 54. Kh2 a4 55. Qc7 Qh4+ 56. Kg1 Qe1+ 57. Kh2 Qe5+ 58. Kg1 Qc5+ 59. Kh2 a3 60. Qf7+ d5 0-1

[Event "*** Titled Tuesday Blitz"]
[Site "Chess.com"]
[Date "2021.02.02"]
[Round "8"]
[White "Eltaj_Safarli"]
[Black "Arseniy_Nesterov"]
[Result "0-1"]
[WhiteElo "2924"]
[BlackElo "2831"]
[TimeControl "180+1"]
[EndTime "11:30:21 PST"]
[Termination "Arseniy_Nesterov won by checkmate"]

1. e4 e5 2. Nf3 Nc6 3. Bb5 a6 4. Ba4 b5 5. Bb3 Na5 6. d4 exd4 7. Nxd4 Bb7 8. O-O c5 9. Nf5 c4 10. Nc3 cxb3 11. axb3 Nc6 12. Nd5 g6 13. Re1 d6 14.
Be3 Rc8 15. Bb6 Qd7 16. Bd4 Nxd4 17. Qxd4 f6 18. Nb6 Qc6 19. Nxc8 Bxc8 20. Ne3 Ne7 21. Qxf6 Rg8 22. Nd5 Qd7 23. Qh4 Bg7 24. Qxh7 Kf7 25. Nxe7 Qxe7 26. Re3 Rh8 27. Rf3+ Bf5 28. Rxf5+ gxf5 29.
Qxf5+ Qf6 30. Qd5+ Qe6 31. Qb7+ Kg6 32. g3 Qh3 33.
Rxa6 Qxh2+ 34. Kf1 Qh3+ 35. Ke1 Be5 36. Qd5 Qh1+ 37.
Kd2 Qh5 38. Qe6+ Bf6 39. f4 Qh2+ 40. Kd3 Qxg3+ 41. Ke2 Rh2+ 42. Kf1 Qf2# 0-1

[Event "*** Titled Tuesday Blitz"]
[Site "Chess.com"]
[Date "2021.02.02"]
[Round "8"]
[White "L1m96"]
[Black "Vnebo"]
[Result "0-1"]
[WhiteElo "2562"]
[BlackElo "2735"]
[TimeControl "180+1"]
[EndTime "11:30:21 PST"]
[Termination "Vnebo won by checkmate"]

1. d4 d5 2. c4 e6 3. Nf3 Nf6 4.
Nc3 c5 5. cxd5 Nxd5 6. e4 Nxc3 7. bxc3 cxd4 8. cxd4 Bb4+ 9. Bd2 Bxd2+ 10. Qxd2 O-O 11.
Bd3 Nc6 12. Qc3 Bd7 13. O-O Rc8 14. Rfc1 h6 15. Qb2 b6 16. Ba6 Rb8 17. h3 b5 18.
d5 exd5 19. exd5 Na5 20. Nd4 Qb6 21. a4 Qxa6 22. axb5 Qb6 23. Qb4 Nb7 24. Ra6 Qd8 25. Rxa7 Qg5 26. Rc7 Qxd5 27. Qe7 Qxd4 28. Raxb7 Rxb7 29. Rxb7 Be6 30. b6 Rc8 31. Rc7 Rb8 32. b7 Kh7 33. h4 Qa1+ 34. Kh2 Qe5+ 35. Kg1 Qe1+ 36. Kh2 Qxf2 37. Qb4 Qf5 38. Qd4 Qd5 39. Qb6 Qe5+ 40.
Kg1 Qe1+ 41. Kh2 Qxh4+ 42. Kg1 Qe1+ 43. Kh2 Qe5+ 44. Kg1 Qe4 45. Qc5 Bd5 46. Re7 Qxg2# 0-1